 Dungeon Crawl Stone Soup version 0.22-a0-99-g1ac4c55 (webtiles) character file.

4299 solxrula the Basher (level 10, -1/99 (100) HPs)
             Began as a Troll Berserker on Jan 25, 2018.
             Was a High Priest of Trog.
             Slain by an orc warrior
             ... wielding a +0 battleaxe
              (18 damage)
             ... on level 8 of the Dungeon.
             The game lasted 00:35:23 (7331 turns).

solxrula the Basher (Troll Berserker)               Turns: 7331, Time: 00:35:24

HP:   -1/99 (100)   AC:  6    Str: 29    XL:     10   Next: 11%
MP:   8/8           EV: 12    Int:  5    God:    Trog [*****.]
Gold: 382           SH:  0    Dex: 10    Spells: 9/9 levels left

rFire    . . .     SeeInvis .   a - +1 mace
rCold    . . .     Gourm    +   (no shield)
rNeg     . . .     Faith    +   b - +1 animal skin
rPois    +         Spirit   .   (helmet restricted)
rElec    .         Reflect  .   (no cloak)
rCorr    .         Harm     .   (gloves unavailable)
MR       .....     Rnd*Rage +   (boots unavailable)
Stlth    +++.......             y - amulet of faith
HPRegen  1.06/turn              h - ring of stealth
MPRegen  0.11/turn              e - ring of poison resistance

@: no status effects
A: large, unfitting armour, claws 3, berserk 1, clever 1, fast metabolism 3,
gourmand, low mp 1, regeneration 2, shaggy fur 1, tough skin 2
a: Berserk, Trog's Hand, Brothers in Arms, Burn Spellbooks, Renounce Religion


You were on level 8 of the Dungeon.
You worshipped Trog.
Trog was extremely pleased with you.
You were not hungry.

You visited 1 branch of the dungeon, and saw 8 of its levels.

You collected 382 gold pieces.

Inventory:

Hand Weapons
 a - a +1 mace (weapon)
 x - a +1 halberd of venom
Missiles
 d - 230 stones
 l - a large rock (quivered)
Armour
 b - a +1 animal skin (worn)
Jewellery
 e - a ring of poison resistance (right claw)
 h - a ring of stealth (left claw)
 i - an uncursed amulet of guardian spirit
 v - an uncursed ring of magical power
 y - an amulet of faith (around neck)
Wands
 r - a wand of enslavement (9)
 t - a wand of flame (11)
 w - a wand of disintegration (12)
Scrolls
 f - 2 scrolls of teleportation
 j - a scroll of fog
 o - a scroll of random uselessness {unknown}
 q - 2 scrolls of enchant armour
 s - a scroll of remove curse
 u - a scroll of enchant weapon
Potions
 g - 3 potions of curing
 m - a potion of haste
 p - a potion of resistance
Books
 n - a book of Necromancy

   Spells                             Type                      Level
   a - Pain                           Necromancy                   1
   b - Animate Skeleton               Necromancy                   1
   c - Vampiric Draining              Necromancy                   3
   d - Regeneration                   Charms/Necromancy            3
   e - Animate Dead                   Necromancy                   4
   Trog disapproves of the use of such an item.
Comestibles
 c - 12 rations


   Skills:
 + Level 6.7 Fighting
 + Level 9.2 Maces & Flails
 + Level 1.0 Throwing
 + Level 6.1 Dodging
 + Level 2.4 Stealth
 + Level 2.1 Unarmed Combat
 + Level 0.1 Evocations


You had 9 spell levels left.
You didn't know any spells.

Dungeon Overview and Level Annotations

Branches:
Dungeon (8/15)             Temple (0/1) D:5
   Lair: D:8-11

Altars:
Ashenzari
Dithmenos
Elyvilon
Hepliaklqana
Nemelex Xobeh
Qazlal
Wu Jian
Xom
Yredelemnul
The Shining One


Innate Abilities, Weirdness & Mutations

You are too large for most types of armour.
You have claws for hands.
Your metabolism is lightning-fast.
You like to eat raw meat.
You heal very quickly.
You are covered in fur. (AC +1)
You have very tough skin. (AC +2)
You tend to lose your temper in combat.
Your mind is acute. (Int +2)
Your magical capacity is low. (-10% MP)


Message History

The orc warrior throws a stone.
The stone hits you!
The orc warrior throws a stone.
The stone hits you.
The orc warrior throws a stone.
The stone hits you.
You see here 2 stones.
The orc warrior throws a stone.
The stone hits you!
You see here 2 stones.
The orc warrior throws a stone.
The stone barely misses you.
The orc warrior throws a stone.
The stone hits you.
Things that are here:
a stone; a potion of heal wounds; 20 gold pieces The orc warrior throws a stone.
The stone hits you but does no damage.
You see here a stone.
The orc warrior hits you with a battleaxe! x2
You hit the orc warrior but do no damage.
The orc warrior hits you with a battleaxe!!
* * * LOW HITPOINT WARNING * * *
You sock the orc warrior!
The orc warrior is heavily wounded.
The orc warrior hits you with a battleaxe!!
You die...

##.........###.....##....
#.......................#
#.(...?..................
#...........##..........#
##....(....###....<......
##..(#.........###...#.#
####(#........# #...#.#
#.(......... #.#....
#..@....... #.....#
##..o............#.#
#...........#####..
#........... ...
#......... ... #.........
.... #......... ....
#......... ... ...


You could see an orc warrior.

Vanquished Creatures
  A two-headed ogre (D:8)
  The ghost of indyram44 the Cudgeler, a novice DrBe of Trog (D:6)
  Maurice (D:8)
  The ghost of cranach the Grasshopper, a novice GnWr (D:4)
  A water moccasin (D:8)
  3 ice beasts
  A sky beast (D:7)
  2 phantoms
  An ogre (D:5)
  A necrophage (D:7)
  2 big kobolds (D:7)
  5 bullfrogs
  A gnoll sergeant (D:5)
  A water moccasin zombie (D:8)
  2 scorpions
  A howler monkey (D:4)
  9 crimson imps
  2 centaur zombies
  5 orc wizards
  A hound (D:8)
  2 centaur skeletons (D:6)
  A bullfrog skeleton (D:3)
  2 orc priests
  5 iguanas
  2 worker ants
  2 hound zombies
  A hound skeleton (D:6)
  12 adders
  7 gnolls
  2 shadow imps (D:5)
  An ooze (D:6)
  3 worms
  4 dart slugs
  2 leopard geckos
  17 orcs
  2 ball pythons
  3 bats
  4 giant cockroaches
  7 goblins
  7 hobgoblins
  10 jackals
  3 quokkas
  5 frilled lizards
  2 goblin skeletons (D:5)
  A goblin zombie (D:5)
  2 hobgoblin zombies (D:5)
  19 kobolds
  4 kobold skeletons (D:5)
  2 kobold zombies (D:5)
  2 orc zombies (D:5)
  4 rats
182 creatures vanquished.

Notes
Turn   | Place    | Note
-------+----------+-------------------------------------------
     0 | D:1      | solxrula the Troll Berserker began the quest for the Orb.
     0 | D:1      | Reached XP level 1. HP: 22/22 MP: 0/0
    53 | D:1      | Found a shimmering altar of Xom.
   331 | D:1      | Reached skill level 3 in Maces & Flails
   375 | D:1      | Reached XP level 2. HP: 29/29 MP: 1/1
   971 | D:2      | Reached XP level 3. HP: 36/36 MP: 2/2
  1251 | D:2      | Found a shadowy altar of Dithmenos.
  1320 | D:2      | Reached ** piety under Trog
  1739 | D:2      | Gained mutation: Your magical capacity is low. (-10% MP) [potion of mutation]
  1739 | D:2      | Gained mutation: Your mind is acute. (Int +2) [potion of mutation]
  1739 | D:2      | Gained mutation: You tend to lose your temper in combat. [potion of mutation]
  1739 | D:2      | Gained mutation: You heal very quickly. [potion of mutation]
  1787 | D:3      | Reached XP level 4. HP: 45/45 MP: 2/2
  2483 | D:3      | Found a shadowy altar of Dithmenos.
  2511 | D:3      | Found a shattered altar of Ashenzari.
  2557 | D:3      | Found a sparkling altar of Nemelex Xobeh.
  2561 | D:3      | Reached XP level 5. HP: 48/53 MP: 3/3
  2663 | D:3      | Reached skill level 4 in Maces & Flails
  3014 | D:4      | Noticed cranach's ghost (novice GnWr)
  3200 | D:4      | Reached skill level 1 in Stealth
  3588 | D:4      | Reached XP level 6. HP: 53/61 MP: 4/4
  3707 | D:5      | Entered Level 5 of the Dungeon
  3837 | D:4      | Killed cranach's ghost
  3837 | D:4      | Reached skill level 5 in Maces & Flails
  3837 | D:4      | Reached XP level 7. HP: 56/68 MP: 5/5
  3944 | D:5      | Found a staircase to the Ecumenical Temple.
  4231 | D:5      | Found a glowing golden altar of the Shining One.
  4287 | D:5      | Reached *** piety under Trog
  4364 | D:5      | Reached XP level 8. HP: 64/79 MP: 6/6
  4383 | D:5      | Found an ornate altar of the Wu Jian Council.
  4386 | D:5      | Found a stormy altar of Qazlal.
  4389 | D:5      | Found a hazy altar of Hepliaklqana.
  4392 | D:5      | Found a basalt altar of Yredelemnul.
  4420 | D:5      | Reached skill level 6 in Maces & Flails
  4604 | D:5      | Found a glowing golden altar of the Shining One.
  5252 | D:6      | Noticed indyram44's ghost (novice DrBe)
  5270 | D:6      | Killed indyram44's ghost
  5270 | D:6      | Reached skill level 5 in Fighting
  5270 | D:6      | Reached skill level 7 in Maces & Flails
  5459 | D:6      | Reached **** piety under Trog
  5531 | D:5      | Reached skill level 5 in Dodging
  5531 | D:5      | Reached XP level 9. HP: 88/88 MP: 5/7
  5656 | D:6      | Found a white marble altar of Elyvilon.
  6004 | D:7      | Reached skill level 8 in Maces & Flails
  6943 | D:8      | Noticed Maurice
  6989 | D:8      | Noticed a two-headed ogre
  7000 | D:8      | Killed a two-headed ogre
  7000 | D:8      | Reached ***** piety under Trog
  7000 | D:8      | Reached skill level 9 in Maces & Flails
  7000 | D:8      | Reached skill level 1 in Unarmed Combat
  7195 | D:8      | Killed Maurice
  7195 | D:8      | Reached skill level 1 in Throwing
  7195 | D:8      | Reached XP level 10. HP: 99/99 MP: 8/8
  7331 | D:8      | Slain by an orc warrior

Vault maps used:
D:1:      dpeg_arrival_pond, xom_teletrap_fun
D:2:      nicolae_dithmenos_shadow_blocks
D:3:      nemelex_xobeh_ov_fountains_minmay, grunt_temple_overflow_open,
          corner_web_ring
D:5:      grunt_temple_overflow_cloverleaf, tso_oasis_becter,
          minmay_temple_entry_junction, first_ration, hangedman_decor_points,
          nicolae_tso_besieged_by_evil
D:6:      basic_altar
D:8:      uniq_maurice

Skill      XL: |  1  2  3  4  5  6  7  8  9 10 |
---------------+-------------------------------+-----
Maces & Flails | 3 4 5 7 9 |  9.2
Fighting       | 3 4 5 6 |  6.7
Dodging        | 3 4 5 6 |  6.1
Stealth        | 1 2 |  2.4
Unarmed Combat | 1 2 |  2.1
Throwing       | 1 |  1.0
Evocations     | |  0.1

Action                   |  1- 3 |  4- 6 |  7- 9 | 10-12 || total
-------------------------+-------+-------+-------+-------++-------
Melee: Mace              |   124 |   159 |   565 |    23 ||   871
       Unarmed           |       |       |    38 |       ||    38
Throw: Large rock        |       |     3 |     5 |       ||     8
       Stone             |       |     2 |       |       ||     2
Invok: Berserk           |       |     2 |     5 |       ||     7
Evoke: Wand              |       |       |     5 |       ||     5
  Use: Scroll            |     4 |     5 |     7 |     1 ||    17
       Potion            |     2 |     2 |     3 |       ||     7
 Stab: Sleeping          |       |     6 |     5 |       ||    11
  Eat: Chunk             |    15 |    23 |    29 |       ||    67
       Ration            |       |       |     2 |     1 ||     3
Armor: Animal skin       |    55 |    58 |   161 |     4 ||   278
Dodge: Dodged            |    67 |    90 |   315 |    10 ||   482

Table legend:
 A = Spawn XP
 B = Non-spawn XP
 C = Spawn XP percentage of total XP
 D = Spawn monster count
 E = Non-spawn monster count
 F = Spawn count percentage of total count
 G = Total turns spent on level
                    A         B        C        D         E        F      G
               +---------+---------+-------+---------+---------+-------+---------
         Total |       0 |    6142 |   0.0 |       0 |     182 |   0.0 |  7331
               +---------+---------+-------+---------+---------+-------+---------
           D:1 |       0 |      32 |   0.0 |       0 |      17 |   0.0 |   888
           D:2 |       0 |      59 |   0.0 |       0 |      17 |   0.0 |   871
           D:3 |       0 |     149 |   0.0 |       0 |      25 |   0.0 |  1115
           D:4 |       0 |     741 |   0.0 |       0 |      20 |   0.0 |   922
           D:5 |       0 |     954 |   0.0 |       0 |      34 |   0.0 |  1380
           D:6 |       0 |    1005 |   0.0 |       0 |      18 |   0.0 |   678
           D:7 |       0 |    1361 |   0.0 |       0 |      33 |   0.0 |   942
           D:8 |       0 |    1841 |   0.0 |       0 |      18 |   0.0 |   535
               +---------+---------+-------+---------+---------+-------+---------
